 Dungeon Crawl Stone Soup version 0.22-a0-284-g99d1f74 (webtiles) character file.

224858 Amnesiac the Stormcaller (level 19, -4/105 HPs)
             Began as a Tengu Air Elementalist on Mar 22, 2018.
             Was the Champion of Sif Muna.
             Splashed by an acid blob's acid (5 damage)
             ... on level 5 of the Pits of Slime.
             The game lasted 01:42:46 (46152 turns).

Amnesiac the Stormcaller (Tengu Air Elementalist)  Turns: 46152, Time: 01:42:47

Health: -4/105     AC: 21    Str:  9    XL:     19   Next: 70%
Magic:  0/62       EV: 19    Int: 35    God:    Sif Muna [******]
Gold:   2575       SH:  8    Dex: 12    Spells: 3/56 levels left

rFire    . . .     SeeInvis .   E - staff of air
rCold    . . .     Gourm    .   d - +3 buckler
rNeg     . . .     Faith    .   b - +6 acid dragon scales
rPois    +         Spirit   +   g - +3 hat of Pondering {ponderous, MR+ MP+10 Int+5}
rElec    +         Reflect  .   w - +2 cloak {rPois}
rCorr    +         Harm     .   y - +2 pair of gloves
MR       ++...                  (boots unavailable)
Stlth    ++........             N - amulet of guardian spirit
HPRegen  0.27/turn              i - ring of magical power
MPRegen  0.38/turn              T - +6 ring of intelligence

@: tornado, flying quickly and evasively, divine energy, deflect missiles
A: beak, talons 3, clumsy 1, able to fly 2
a: Stop Flying, Stop Divine Energy, Channel Magic, Forget Spell, Renounce
Religion


You were on level 5 of the Pits of Slime.
You worshipped Sif Muna.
Sif Muna was exalted by your worship.
You were not hungry.

You visited 5 branches of the dungeon, and saw 31 of its levels.
You visited 1 bazaar.

You collected 3382 gold pieces.
You spent 807 gold pieces at shops.

Inventory:

Hand Weapons
 n - a +1 blowgun
Missiles
 q - 9 curare-tipped needles
Armour
 b - +6 acid dragon scales (worn)
 d - a +3 buckler (worn)
 g - the +3 hat of Pondering (worn) {ponderous, MR+ MP+10 Int+5}
   (You took it off Gastronok on level 8 of the Dungeon)

   It affects your intelligence (+5).
   It affects your resistance to hostile enchantments.
   It affects your magic capacity (+10).
 w - a +2 cloak of poison resistance (worn)
 y - a +2 pair of gloves (worn)
 C - a +2 robe of resistance
Magical Staves
 a - an uncursed staff of conjuration
 E - an uncursed staff of air (weapon)
Jewellery
 i - a ring of magical power (left hand)
 t - the ring "Fumaunkamu" {rElec rN+ MR+}
   (You took it off a deep elf mage on level 1 of the Elven Halls)

   [ring of protection from magic]

   It insulates you from electricity.
   It protects you from negative energy.
   It affects your resistance to hostile enchantments.
 G - an uncursed ring of protection from cold
 H - an uncursed ring of protection from fire
 N - an amulet of guardian spirit (around neck)
 T - a +6 ring of intelligence (right hand)
Wands
 F - a wand of acid (16)
 P - a wand of digging (18)
Scrolls
 k - 12 scrolls of teleportation {!r}
 m - 2 scrolls of fog {!r}
 r - 4 scrolls of blinking {!r}
 u - 2 scrolls of fear {!r}
 D - 3 scrolls of identify {!r}
 I - a scroll of magic mapping {!r}
 K - 6 scrolls of amnesia {!r}
 L - 4 scrolls of remove curse {!r}
 O - a scroll of holy word {!r}
 Q - a scroll of silence {!r}
Potions
 e - 4 potions of mutation {!q}
 f - 12 potions of curing {!q}
 h - 4 potions of might {!q}
 j - 8 potions of brilliance {!q}
 p - 2 potions of cancellation {!q}
 s - 4 potions of haste {!q}
 v - 4 potions of flight {!q}
 x - 4 potions of berserk rage {!q}
 z - 2 potions of resistance {!q}
 A - 6 potions of lignification {!q}
 B - 4 potions of agility {!q}
 J - 2 potions of heal wounds {!q}
 M - 2 potions of magic {!q}
 R - a potion of ambrosia {!q}
Miscellaneous
 l - a phantom mirror
Comestibles
 c - 24 rations


   Skills:
 - Level 7.0 Fighting
 - Level 11.0 Dodging
 - Level 2.0 Stealth
 - Level 5.0 Shields
 * Level 19.4 Spellcasting
 + Level 19.5 Conjurations
 + Level 19.5 Air Magic
 - Level 8.0 Invocations


You had 3 spell levels left.
You knew the following spells:

 Your Spells              Type           Power        Failure   Level  Hunger
a - Airstrike             Air            ########..   0%          4    None
c - Swiftness             Chrm/Air       ########     1%          2    None
d - Orb of Destruction    Conj           ########..   1%          7    #......
e - Deflect Missiles      Chrm/Air       ########..   4%          6    None
f - Irradiate             Conj/Tmut      #######...   1%          5    None
g - Chain Lightning       Conj/Air       ########..   3%          8    ####...
h - Tornado               Air            ########..   36%         9    ######.
r - Regeneration          Chrm/Necr      ####......   4%          3    None
s - Summon Lightning Spi  Summ/Air       ########     1%          4    None
w - Lightning Bolt        Conj/Air       ########..   0%          5    None


Dungeon Overview and Level Annotations

Branches:
Dungeon (15/15)            Temple (0/1) D:4            Lair (6/6) D:9
  Swamp (0/4) Lair:4        Snake (0/4) Lair:2        Slime (5/5) Lair:6
    Orc (2/2) D:11            Elf (3/3) Orc:2        Vaults (0/5) D:13
 Depths (0/5) D:15

Altars:
Cheibriados
Dithmenos
Fedhas
Hepliaklqana
Kikubaaqudgha
Okawaru
Sif Muna
Trog
Vehumet
Yredelemnul
Zin
Beogh
Jiyva

Shops:
D:5 [   D:7 (   D:9 *   Orc:1 ?   Orc:2 ![(:

Portals:
Trove: D:11 (show slimy rune of Zot)


Innate Abilities, Weirdness & Mutations

You have a beak for a mouth.
You have claws for feet.
You can fly continuously.
You are clumsy. (Dex -2)


Message History

The azure jelly freezes you! You block the azure jelly's attack. x2
The azure jelly hits you but does no damage.
A slime creature and a great orb of eyes come into view.
Casting: Lightning Bolt (safe; 0% risk of failure)
Confirm with . or Enter, or press ? or * to list all spells.
Okay, then.
Casting: Lightning Bolt (safe; 0% risk of failure)
Confirm with . or Enter, or press ? or * to list all spells.
Okay, then.
Casting: Lightning Bolt (safe; 0% risk of failure)
Confirm with . or Enter, or press ? or * to list all spells.
You feel a surge of power!
A great vortex of raging winds appears around you.
The slime creature quivers.
The slime creature hits you.
Two slime creatures merge to form a large slime creature.
The azure jelly hits you. The azure jelly freezes you!!!
* * * LOW HITPOINT WARNING * * *
The azure jelly hits you but does no damage. x2
The azure jelly misses you.
The acid blob jiggles.
The acid blob spits acid at you. The splash of acid hits you!
You are splashed with acid!
The acid burns!
You resist.
* * * LOW HITPOINT WARNING * * *
Two slime creatures merge to form a very large slime creature.
Two slime creatures merge to form a large slime creature.
The slime creature hits you. The acid blob spits acid at you.
You deflect the splash of acid!
You kill the slime creature!
Sif Muna accepts your kill.
You kill the azure jelly!
That felt strangely unrewarding.
The acid blob spits acid at you. The splash of acid misses you.
A slime creature comes into view.
You kill the very large slime creature!
Sif Muna accepts your kill.
You kill the slime creature!
Sif Muna accepts your kill.
You kill the slime creature!
Sif Muna accepts your kill. The acid blob spits acid at you.
The splash of acid hits you!
You are splashed with acid!
The acid burns!
You resist.
* * * LOW HITPOINT WARNING * * *
A slime creature comes into view.
You kill the large slime creature!
Sif Muna accepts your kill. The acid blob spits acid at you.
The splash of acid hits you! You resist.
* * * LOW HITPOINT WARNING * * *
You are splashed with acid!
The acid burns!
You resist.
* * * LOW HITPOINT WARNING * * *
The acid blob spits acid at you. The splash of acid hits you! You resist.
* * * LOW HITPOINT WARNING * * *
You are splashed with acid!
The acid burns!
You resist.
* * * LOW HITPOINT WARNING * * *
The acid blob spits acid at you. The splash of acid hits you! You resist.
You are splashed with acid!
The acid burns!
You resist.
You die...

..............J..
........J......J.
...§§§§§§........
..JJJG§§§§§§§§...
..§§§§§§§§§§§....
..§J§§§§§§§§§§...
..§§§§§§§§§§§§...
..J§§§§§§§§§§§...
..§§§§§@§§§§§§...
..§§§§§§§§§§§§...
..§§§§§§§§§§§§...
..§§§J§§§§§§§...
..§§§§§§§§§§§§..
..§§§§§§§§§§§...
................
................
...............


You could see 4 acid blobs, a great orb of eyes and 3 slime creatures.

Vanquished Creatures
  the Royal Jelly (Slime:5)
  An ancient lich (Elf:1)
  A lich (Elf:1)
  Rupert (Lair:5)
  3 deep elf blademasters
  2 deep elf master archers (Elf:3)
  Gastronok (D:8)
  8 acid blobs
  3 azure jellies
  An iron dragon (Elf:1)
  8 deep elf sorcerers (Elf:3)
  4 deep elf elementalists (Elf:3)
  Aizul (Elf:2)
  12 deep elf demonologists (Elf:3)
  42 slime creatures
  Nessos (D:15)
  9 deep elf annihilators
  A dire elephant (D:15)
  Snorg (D:11)
  4 deep elf death magi
  A yaktaur captain (Elf:2)
  4 deep elf high priests
  Harold (Lair:1)
  5 great orbs of eyes
  5 hydras
  The ghost of Demitroll the Carver, a journeyman DsGl of Kikubaaqudgha (Lair:1)
  3 centaur warriors
  12 two-headed ogres
  Erica (D:8)
  27 dancing weapons
  A tengu warrior (D:14)
  6 death yaks
  6 orc high priests
  An iron troll (D:13)
  18 deep elf knights
  2 fire crabs (shapeshifter)
  4 unseen horrors
  An obsidian statue (D:11)
  8 deep elf archers
  An orange crystal statue (D:11)
  Pikel (D:7)
  9 orc knights
  An oklob plant (Lair:3)
  13 ugly things
  6 orc sorcerers
  57 deep elf magi
  A cyclops (D:13)
  2 shining eyes (Slime:2)
  A manticore (D:15)
  10 elephants
  A salamander (D:15)
  2 black mambas
  Psyche (D:8)
  24 spiny frogs
  2 rime drakes
  An efreet (D:15)
  2 eyes of devastation
  A gargoyle (D:15)
  5 centaur skeletons
  8 komodo dragons
  The ghost of Amnesiac the Zephyrmancer, a novice TeAE (D:4)
  6 polar bears
  A harpy zombie (D:14)
  8 trolls
  A wind drake (shapeshifter) (Elf:3)
  A troll (shapeshifter) (D:14)
  Prince Ribbit (Lair:1)
  4 tyrant leeches (Lair:6)
  9 hippogriffs
  26 blink frogs
  Sigmund (D:3)
  A shadow (D:12)
  3 water elementals
  3 wraiths
  A vampire (D:15)
  3 air elementals
  A yak (shapeshifter) (D:13)
  52 yaks
  7 wyverns
  5 golden eyes
  A steam dragon (D:12)
  3 basilisks
  3 fire elementals
  9 vampire mosquitoes
  4 hungry ghosts
  Menkaure (D:6)
  4 wargs
  5 swamp worms (Lair:4)
  A swamp worm (shapeshifter) (Elf:2)
  An acid dragon (D:13)
  A naga (Lair:2)
  A soldier ant (D:11)
  11 water moccasins
  Duvessa (D:7)
  30 orc warriors
  4 phantoms
  2 ice beasts
  4 sky beasts
  6 porcupines
  9 ogres
  4 slaves (D:7)
  6 eyes of draining
  17 centaurs
  18 wolves
  2 black bears
  10 crocodiles
  Blork the orc (D:5)
  4 big kobolds
  2 wyvern zombies
  A gnoll sergeant (D:10)
  8 earth elementals
  29 bullfrogs
  4 scorpions
  Dowan (D:7)
  8 killer bees
  14 wights
  9 electric eels
  3 howler monkeys
  11 crimson imps
  3 bullfrog zombies
  4 centaur zombies
  11 hounds
  3 lava snakes (D:7)
  A quasit (D:7)
  15 jellies
  15 orc priests
  3 bullfrog skeletons
  3 iguanas
  Natasha (thrice) (D:3)
  20 orc wizards
  17 worker ants
  A killer bee zombie (D:7)
  A hound zombie (D:7)
  Robin (D:3)
  A howler monkey zombie (D:7)
  A howler monkey skeleton (D:4)
  12 adders
  3 shadow imps
  3 oozes
  2 adder zombies
  5 adder skeletons
  3 worms
  5 dart slugs
  6 leopard geckos
  78 orcs
  3 giant cockroaches
  19 goblins
  7 hobgoblins
  21 jackals
  33 kobolds
  3 quokkas
  A ball python (D:3)
  11 bats
  5 frilled lizards
  2 gnoll zombies (D:2)
  A leopard gecko zombie (D:6)
  A quokka zombie (D:6)
  12 rats
  A plant (Lair:3)
1089 creatures vanquished.

Vanquished Creatures (collateral kills)
  2 acid blobs
  An azure jelly (Slime:2)
  A great orb of eyes (Slime:5)
  A glowing orange brain (Slime:4)
  4 shining eyes
  12 slime creatures
  2 golden eyes
23 creatures vanquished.

Vanquished Creatures (others)
  A slime creature (Slime:1)
  An orc priest (Orc:2)
  An orc wizard (Orc:2)
  24 fungi
  73 plants
100 creatures vanquished.

Grand Total: 1212 creatures vanquished

Notes
Turn   | Place    | Note
-------+----------+-------------------------------------------
     0 | D:1      | Amnesiac the Tengu Air Elementalist began the quest for the Orb.
     0 | D:1      | Reached XP level 1. HP: 10/10 MP: 4/4
   127 | D:1      | Reached XP level 2. HP: 15/15 MP: 1/6
   692 | D:1      | Reached XP level 3. HP: 19/19 MP: 1/8
  1165 | D:2      | Found an ancient bone altar of Kikubaaqudgha.
  1169 | D:2      | Found a deep blue altar of Sif Muna.
  1170 | D:2      | Found a radiant altar of Vehumet.
  1172 | D:2      | Identified Kikubaaqudgha's Guide on Black Secrets
  1181 | D:2      | Became a worshipper of Sif Muna the Loreminder
  1400 | D:2      | Found a basalt altar of Yredelemnul.
  1493 | D:2      | Reached XP level 4. HP: 21/24 MP: 0/11
  1499 | D:2      | Learned a level 4 spell: Airstrike
  1971 | D:2      | Gained mutation: You can fly. [Tengu growth]
  1971 | D:2      | Reached XP level 5. HP: 28/28 MP: 6/12
  2593 | D:3      | Found a blossoming altar of Fedhas.
  2994 | D:3      | Noticed Natasha
  2999 | D:3      | Killed Natasha
  2999 | D:3      | Reached * piety under Sif Muna
  2999 | D:3      | Reached skill level 5 in Spellcasting
  2999 | D:3      | Reached skill level 5 in Air Magic
  3035 | D:3      | Reached XP level 6. HP: 17/32 MP: 0/14
  3180 | D:3      | Found a faded altar of an unknown god.
  3269 | D:3      | Noticed Robin
  3270 | D:3      | Killed Robin
  3372 | D:3      | Noticed Natasha
  3373 | D:3      | Killed Natasha
  3497 | D:3      | Noticed Natasha
  3498 | D:3      | Killed Natasha
  3860 | D:3      | Noticed Sigmund
  3871 | D:3      | Killed Sigmund
  3871 | D:3      | Reached XP level 7. HP: 36/36 MP: 0/17
  4088 | D:4      | Found a bloodstained altar of Trog.
  4131 | D:4      | Found an iron altar of Okawaru.
  4184 | D:4      | Found a staircase to the Ecumenical Temple.
  4277 | D:4      | Found a snail-covered altar of Cheibriados.
  4340 | D:4      | Reached ** piety under Sif Muna
  4412 | D:4      | You fall through a shaft for 2 floors!
  4463 | D:6      | Noticed Menkaure
  4555 | D:6      | Killed Menkaure
  4555 | D:6      | Reached XP level 8. HP: 34/41 MP: 6/19
  4668 | D:5      | Entered Level 5 of the Dungeon
  4685 | D:5      | Found Cuxeuck's Armour Shop.
  4827 | D:5      | Bought a +1 cloak of poison resistance for 135 gold pieces
  5108 | D:4      | Noticed Amnesiac's ghost (novice TeAE)
  5115 | D:4      | Killed Amnesiac's ghost
  5115 | D:4      | Reached *** piety under Sif Muna
  5391 | D:5      | Found a shadowy altar of Dithmenos.
  5392 | D:5      | Noticed a yak
  5414 | D:5      | Killed a yak
  5414 | D:5      | Reached XP level 9. HP: 37/45 MP: 0/23
  5421 | D:5      | Learned a level 5 spell: Lightning Bolt
  5424 | D:5      | Learned a level 2 spell: Swiftness
  5520 | D:5      | Noticed Blork the orc
  5525 | D:5      | Killed Blork the orc
  5893 | D:5      | Found a glowing silver altar of Zin.
  5924 | D:5      | Reached **** piety under Sif Muna
  5947 | D:5      | Reached skill level 10 in Spellcasting
  6409 | D:6      | Reached skill level 10 in Air Magic
  6509 | D:6      | Found a hazy altar of Hepliaklqana.
  7182 | D:7      | Found Gifor's Antique Weapon Shoppe.
  7576 | D:7      | Reached XP level 10. HP: 50/50 MP: 10/25
  7709 | D:7      | Noticed Duvessa
  7712 | D:7      | Noticed Dowan
  7853 | D:7      | Killed Dowan
  7855 | D:7      | Killed Duvessa
  8001 | D:7      | Noticed Pikel
  8101 | D:7      | Killed Pikel
  9045 | D:8      | Reached ***** piety under Sif Muna
  9217 | D:8      | Noticed Gastronok
  9223 | D:8      | Noticed a two-headed ogre
  9296 | D:8      | Identified Sif Muna's Handbook of Transmigration (Sif Muna gifted it to you on level 8 of the Dungeon)
  9296 | D:8      | Received a gift from Sif Muna
  9613 | D:8      | Noticed a two-headed ogre
  9621 | D:8      | Killed a two-headed ogre
  9778 | D:8      | Noticed a two-headed ogre
  9784 | D:8      | Killed a two-headed ogre
  9946 | D:8      | Reached XP level 11. HP: 54/54 MP: 13/28
 10266 | D:8      | Killed a two-headed ogre
 10266 | D:8      | Reached skill level 5 in Conjurations
 10431 | D:8      | Noticed a two-headed ogre
 10435 | D:8      | Killed a two-headed ogre
 10454 | D:8      | Noticed Erica
 10773 | D:8      | Noticed a two-headed ogre
 10910 | D:8      | Killed a two-headed ogre
 10954 | D:8      | Killed Erica
 11113 | D:8      | Noticed Psyche
 11117 | D:8      | Killed Psyche
 11471 | D:8      | Killed Gastronok
 11471 | D:8      | Identified Sif Muna's Handbook of Dusty Hexes (Sif Muna gifted it to you on level 8 of the Dungeon)
 11471 | D:8      | Received a gift from Sif Muna
 11744 | D:9      | Found Poyvvuyz's Assorted Antiques.
 12346 | D:9      | Found a staircase to the Lair.
 12623 | D:10     | Entered Level 10 of the Dungeon
 12644 | D:10     | Reached XP level 12. HP: 59/59 MP: 29/29
 12654 | D:10     | Noticed a two-headed ogre
 12661 | D:10     | Killed a two-headed ogre
 12743 | D:10     | Noticed a two-headed ogre
 12766 | D:10     | Killed a two-headed ogre
 13493 | D:10     | Reached skill level 1 in Invocations
 13751 | D:10     | Noticed a two-headed ogre
 13751 | D:10     | Noticed a two-headed ogre
 13759 | D:10     | Killed a two-headed ogre
 13775 | D:10     | Killed a two-headed ogre
 14329 | D:11     | Received a gift from Sif Muna
 14561 | D:11     | Reached skill level 5 in Invocations
 14794 | D:11     | Got a faintly glowing scale mail
 14929 | D:11     | Found a staircase to the Orcish Mines.
 15232 | D:11     | Found a portal to a secret trove of treasure.
 15410 | D:11     | Noticed a sun demon
 15692 | D:11     | Noticed Snorg
 15804 | Lair:1   | Entered Level 1 of the Lair of Beasts
 16696 | Lair:1   | Noticed Prince Ribbit
 16699 | Lair:1   | Killed Prince Ribbit
 16699 | Lair:1   | Reached skill level 1 in Shields
 16699 | Lair:1   | Reached XP level 13. HP: 63/63 MP: 21/30
 16755 | Lair:1   | Noticed Demitroll's ghost (journeyman DsGl)
 16769 | Lair:1   | Killed Demitroll's ghost
 17043 | Lair:1   | Noticed Harold
 17052 | Lair:1   | Killed Harold
 17501 | Lair:2   | Identified the cursed +0 scale mail of Feofenof {rPois Int+2} (You found it on level 11 of the Dungeon)
 17532 | Lair:2   | Reached skill level 1 in Fighting
 18231 | Lair:2   | Reached skill level 5 in Dodging
 18396 | Lair:2   | Found a staircase to the Snake Pit.
 19155 | Lair:3   | Learned a level 7 spell: Orb of Destruction
 19973 | Lair:3   | Learned a level 6 spell: Deflect Missiles
 21314 | Lair:4   | Reached skill level 5 in Fighting
 22015 | Lair:4   | Found a staircase to the Swamp.
 22098 | Lair:4   | Gained mutation: You can fly continuously. [Tengu growth]
 22098 | Lair:4   | Reached XP level 14. HP: 78/78 MP: 31/31
 22396 | Lair:5   | Noticed Rupert
 22549 | Lair:5   | Reached skill level 10 in Dodging
 23536 | Lair:6   | Entered Level 6 of the Lair of Beasts
 24051 | Lair:6   | Identified Sif Muna's Handbook of Snow and Venom (Sif Muna gifted it to you on level 6 of the Lair of Beasts)
 24051 | Lair:6   | Received a gift from Sif Muna
 24237 | Lair:6   | Reached skill level 5 in Shields
 25063 | Lair:5   | Paralysed by Rupert for 7 turns
 25093 | Lair:5   | Killed Rupert
 25539 | Lair:6   | Reached XP level 15. HP: 59/86 MP: 0/33
 26237 | Lair:6   | Found a viscous altar of Jiyva.
 26238 | Lair:6   | Found a staircase to the Slime Pits.
 26539 | D:11     | Killed Snorg
 27182 | D:11     | Identified Sif Muna's Guide on Moulding (Sif Muna gifted it to you on level 11 of the Dungeon)
 27182 | D:11     | Received a gift from Sif Muna
 27306 | D:12     | Found a blossoming altar of Fedhas.
 28480 | Orc:1    | Entered Level 1 of the Orcish Mines
 28743 | Orc:1    | Found Syav's Magic Scroll Shoppe.
 30154 | Orc:1    | Found a roughly hewn altar of Beogh.
 30313 | Orc:2    | Entered Level 2 of the Orcish Mines
 30602 | Orc:2    | Found a bloodstained altar of Trog.
 31152 | Orc:2    | Identified Sif Muna's Advanced Guide to Witchcraft (Sif Muna gifted it to you on level 2 of the Orcish Mines)
 31152 | Orc:2    | Received a gift from Sif Muna
 31745 | Orc:2    | Found Rimaran's Book Shoppe.
 31745 | Orc:2    | Found Xahainycs's Antique Weapon Shop.
 31747 | Orc:2    | Found Qyezuyt's Antique Armour Shoppe.
 31747 | Orc:2    | Found Latwed's Distillery.
 31817 | Orc:2    | Found a staircase to the Elven Halls.
 32195 | Orc:2    | Bought a glowing buckler for 180 gold pieces
 32241 | Elf:1    | Entered Level 1 of the Elven Halls
 32250 | Orc:2    | Learned a level 5 spell: Irradiate
 32609 | Elf:1    | Found a flickering gateway to a bazaar.
 32625 | Bazaar   | Entered a bazaar
 32637 | Bazaar   | Found Goirungu's Assorted Antiques.
 32654 | Bazaar   | Found Neeruxt's General Store.
 32660 | Bazaar   | Found Sumabol's Book Shop.
 32662 | Bazaar   | Found Byxzusof's Antique Weapon Boutique.
 32672 | Bazaar   | Found Nadigh's Antique Armour Emporium.
 32678 | Bazaar   | Bought a runed robe for 66 gold pieces
 32715 | Bazaar   | Bought an uncursed staff of conjuration for 400 gold pieces
 32735 | Bazaar   | Bought an inky potion for 26 gold pieces
 32909 | Elf:1    | Reached skill level 15 in Air Magic
 32911 | Elf:1    | Reached skill level 15 in Conjurations
 32916 | Elf:1    | Reached XP level 16. HP: 85/92 MP: 26/35
 32976 | Elf:1    | Reached skill level 15 in Spellcasting
 33337 | Elf:1    | Found the +5 pair of quick blades "Gyre" and "Gimble" {pierce, Dex-3}
 33571 | Elf:1    | Identified Sif Muna's Catalogue of Flight (Sif Muna gifted it to you on level 1 of the Elven Halls)
 33571 | Elf:1    | Received a gift from Sif Muna
 33600 | Elf:1    | Noticed a lich
 33603 | Elf:1    | Killed a lich
 33695 | Elf:1    | Learned a level 8 spell: Chain Lightning
 33700 | Elf:1    | Learned a level 4 spell: Summon Lightning Spire
 33756 | Elf:1    | Noticed an ancient lich
 33762 | Elf:1    | Killed an ancient lich
 34057 | Elf:1    | Identified a scroll of acquirement {!r}
 34128 | Elf:1    | Got a smoking bronze ring
 34974 | Elf:2    | Found a huge runed gate.
 34974 | Elf:2    | Found a huge runed gate.
 34974 | Elf:2    | Found a huge runed gate.
 34974 | Elf:2    | Found a huge runed gate.
 34995 | Elf:2    | Found a huge runed gate.
 35325 | Elf:2    | Noticed Aizul
 35328 | Elf:2    | Killed Aizul
 35389 | Elf:2    | Identified Sif Muna's Compendium of Ashen Unholy Rites (Sif Muna gifted it to you on level 2 of the Elven Halls)
 35389 | Elf:2    | Received a gift from Sif Muna
 35427 | Elf:2    | Noticed a deep elf blademaster
 35431 | Elf:2    | Killed a deep elf blademaster
 35431 | Elf:2    | Reached XP level 17. HP: 96/96 MP: 14/38
 35719 | Elf:2    | Reached ****** piety under Sif Muna
 36107 | Elf:3    | Entered Level 3 of the Elven Halls
 36419 | Elf:3    | Noticed a Tzitzimitl
 36550 | Elf:3    | Identified the ring "Fumaunkamu" {rElec rN+ MR+} (You took it off a deep elf mage on level 1 of the Elven Halls)
 36751 | Elf:3    | Noticed a deep elf master archer
 36760 | Elf:3    | Killed a deep elf master archer
 36761 | Elf:3    | Noticed a deep elf blademaster
 36766 | Elf:3    | Noticed a Tzitzimitl
 36776 | Elf:3    | Killed a deep elf blademaster
 37084 | Elf:3    | Identified Sif Muna's Volume of the Harmful Frostbite (Sif Muna gifted it to you on level 3 of the Elven Halls)
 37084 | Elf:3    | Received a gift from Sif Muna
 37159 | Elf:3    | Noticed a deep elf blademaster
 37524 | Elf:3    | Got an encrusted buckler
 37531 | Elf:3    | Got a translucent rapier {venom}
 37532 | Elf:3    | Noticed a deep elf master archer
 37544 | Elf:3    | Noticed a Tzitzimitl
 37544 | Elf:3    | Killed a deep elf master archer
 37678 | Elf:3    | Got a smoking broad axe {protect}
 37688 | Elf:3    | Reached XP level 18. HP: 88/101 MP: 26/40
 37907 | Elf:3    | Killed a deep elf blademaster
 38013 | Elf:3    | Received a gift from Sif Muna
 38033 | Elf:3    | Got a shimmering turquoise ring
 38072 | Elf:3    | Got a shimmering copper ring
 38079 | Elf:3    | Got a faintly humming robe
 38256 | Elf:3    | Got an ichor-stained dire flail {crush}
 38285 | Elf:3    | Got a jewelled trident
 38305 | Elf:3    | Found the +10 large shield of Ignorance {rN+ Int-4}
 38309 | Elf:3    | Identified Vovehefi's Papyrus of Ensnaring Transmutation
 38325 | Elf:3    | Identified the +0 buckler of Adaosoniu {Str+2} (You took it off a deep elf mage on level 3 of the Elven Halls)
 38346 | Elf:3    | Identified the cursed +1 robe "Hiacwoiphi" {rF+ rN++} (You took it off a deep elf blademaster on level 3 of the Elven Halls)
 38493 | Elf:3    | Got a shimmering leather armour
 38500 | Elf:3    | Got a faintly humming scale mail
 38875 | Elf:3    | Identified the ring "Noun" {*Tele Int+2} (You took it off a deep elf sorcerer on level 3 of the Elven Halls)
 38888 | Elf:3    | Identified the +1 leather armour of Syndicalism {rPois Str-5 Int+3} (You took it off a deep elf mage on level 3 of the Elven Halls)
 38899 | Elf:3    | Identified the +1 scale mail "Qyonuil" {rElec rN+ Dex-2 Slay+5} (You found it on level 3 of the Elven Halls)
 38912 | Elf:3    | Identified the ring of Hal Xeraisut {Str+3 Int+4 Stlth+} (You took it off a deep elf archer on level 3 of the Elven Halls)
 38925 | Elf:3    | Learned a level 9 spell: Tornado
 38932 | Elf:3    | Learned a level 3 spell: Regeneration
 39299 | D:13     | Got a bloodstained bardiche
 40012 | D:13     | Found a gate to the Vaults.
 41048 | D:14     | Identified Sif Muna's Almanac of Attacks (Sif Muna gifted it to you on level 14 of the Dungeon)
 41048 | D:14     | Received a gift from Sif Muna
 41176 | D:15     | Entered Level 15 of the Dungeon
 41601 | D:15     | Noticed Nessos
 41604 | D:15     | Killed Nessos
 41658 | D:15     | Found a staircase to the Depths.
 42548 | Slime:1  | Entered Level 1 of the Pits of Slime
 43303 | Slime:2  | Gained mutation: You are clumsy. (Dex -2) [a shining eye]
 43505 | Slime:2  | Reached XP level 19. HP: 102/105 MP: 42/42
 44052 | Slime:1  | Received a gift from Sif Muna
 45881 | Slime:5  | Entered Level 5 of the Pits of Slime
 46130 | Slime:5  | Found a viscous altar of Jiyva.
 46131 | Slime:5  | Noticed the Royal Jelly
 46140 | Slime:5  | Killed the Royal Jelly
 46152 | Slime:5  | HP: 4/105 [acid blob/splash of acid[the Royal Jelly] (2)]
 46152 | Slime:5  | HP: 1/105 [acid[the Royal Jelly] (3)]
 46152 | Slime:5  | Splashed by an acid blob's acid

Vault maps used:
D:1:      scummos_arrival_simple_fountains, st_stairs_10, lemuel_another_geyser
D:2:      grunt_temple_overflow_magic_moments, lemuel_zombie_altar_yredelemnul,
          first_ration
D:3:      marbit_many_paths, chequers_ecumenical_altar_simple_redux,
          uniq_natasha, uniq_sigmund, uniq_robin
D:4:      kennysheep_slug_shrine, nicolae_overflow_crystal_walls,
          okawaru_trees_2, temple_doors_e
D:5:      grunt_dithmenos_smoke_and_mirrors, kennysheep_mini, serial_shops,
          shop, nrook_pool_corridor, uniq_blork_the_orc
D:6:      lemuel_doored_altar, uniq_menkaure
D:7:      kennysheep_big_flooded_room, serial_shops, shop, uniq_duvessa,
          uniq_pikel
D:8:      kennysheep_spiral_hall, grunt_pizzeria, uniq_psyche, uniq_gastronok,
          uniq_erica
D:9:      erik_lair_island, serial_shops, shop
D:10:     kennysheep_generic_room_5
D:11:     minmay_separated_statues, orc_0_dummy, enter_trove_3,
          grunt_ministairs_7, uniq_snorg
D:12:     fedhas_altar_3
D:13:     david_vaults_4
D:14:     minmay_misc_feat_plants
D:15:     hangedman_depths_entry_try_elsewhere_first, uniq_nessos
Lair:1:   lemuel_fruit_tree, uniq_harold, uniq_prince_ribbit2
Lair:2:   guppyfry_snake_entry_island
Lair:3:   minmay_lair_oklob_items
Lair:4:   nicolae_swamp_entry_splash_gauntlet, beast_lair_carwin_8
Lair:5:   beast_lair_carwin_10, infiniplex_staircase_pool, uniq_rupert
Lair:6:   minmay_lair_end_frog_pond, dpeg_slime_entry_enclosed_altar,
          serial_bayou_pond_d, serial_bayou_shore_b
Slime:1:  nicolae_slime_jelly_donut
Slime:3:  nicolae_slime_barrier
Orc:1:    serial_shops, shop_fountains, basic_altar, nicolae_orc_bridge_out,
          guppyfry_orc_lava_fort
Orc:2:    grunt_orc_tribal_feast, bloody_trog
Elf:1:    minmay_the_grid_plus_closed, serial_shops, bzr_entry_islet
Elf:2:    uniq_aizul
Elf:3:    minmay_elf_hall_hex
Bazaar:   bazaar_kb_twisted_cavern

Skill      XL: |  1  2  3  4  5  6  7  8  9 10 11 12 13 14 15 16 17 18 19 |
---------------+----------------------------------------------------------+-----
Spellcasting   | 3 4 5 6 7 9 10 12 13 14 16 17 18 19 | 19.4
Air Magic      | 5 6 7 8 10 13 15 16 17 18 19 | 19.5
Conjurations   | 12 13 15 16 17 18 19 | 19.5
Invocations    | 8 |  8.0
Shields        | 1 4 5 |  5.0
Fighting       | 5 7 |  7.0
Dodging        | 9 11 | 11.0
Stealth        | |  2.0

Action                   |  1- 3 |  4- 6 |  7- 9 | 10-12 | 13-15 | 16-18 | 19-21 || total
-------------------------+-------+-------+-------+-------+-------+-------+-------++-------
Melee: Unarmed           |    13 |     3 |       |       |       |       |       ||    16
       Kick              |     2 |     3 |     3 |       |       |       |     1 ||     9
       Peck              |     1 |     2 |     1 |       |       |       |       ||     4
       Dagger            |       |    22 |     7 |       |       |       |       ||    29
       Staff             |       |       |       |       |     1 |     5 |     2 ||     8
 Fire: Blowgun           |       |       |       |     5 |     3 |       |       ||     8
 Cast: Shock             |    91 |    79 |       |       |       |       |       ||   170
       Airstrike         |       |    39 |   178 |   492 |   725 |   241 |    75 ||  1750
       Lightning Bolt    |       |       |       |     3 |    57 |     6 |    16 ||    82
       Orb of Destructio |       |       |       |       |   116 |   240 |    10 ||   366
       Deflect Missiles  |       |       |       |       |     2 |     2 |       ||     4
       Irradiate         |       |       |       |       |     6 |    10 |     1 ||    17
       Chain Lightning   |       |       |       |       |       |     9 |    13 ||    22
       Summon Lightning  |       |       |       |       |       |     2 |     9 ||    11
       Tornado           |       |       |       |       |       |       |     1 ||     1
Invok: Divine Energy     |       |     1 |       |       |       |       |       ||     1
       Channel Magic     |       |       |       |       |     2 |     9 |       ||    11
 Abil: Fly               |       |       |       |     8 |     7 |       |       ||    15
Evoke: Wand              |       |       |       |       |     1 |       |    10 ||    11
  Use: Scroll            |       |       |       |    26 |     9 |    17 |     1 ||    53
       Potion            |       |       |       |     1 |     4 |     1 |       ||     6
 Stab: Sleeping          |       |     1 |       |       |       |       |       ||     1
       Distracted        |       |       |       |       |       |       |     1 ||     1
  Eat: Chunk             |     2 |    14 |    28 |    29 |    52 |    59 |       ||   184
       Ration            |       |       |       |     2 |     5 |     8 |     3 ||    18
Armor: Robe              |     7 |     6 |     9 |    28 |    65 |    16 |       ||   131
       Steam dragon scal |       |       |       |     6 |       |       |       ||     6
       Acid dragon scale |       |       |       |       |       |    15 |    45 ||    60
Dodge: Dodged            |    28 |    23 |    40 |    70 |   286 |   117 |    45 ||   609
       Deflected         |       |       |       |       |    16 |    27 |     8 ||    51
Block: Buckler           |       |       |       |       |    83 |    44 |    18 ||   145

Table legend:
 A = Spawn XP
 B = Non-spawn XP
 C = Spawn XP percentage of total XP
 D = Spawn monster count
 E = Non-spawn monster count
 F = Spawn count percentage of total count
 G = Total turns spent on level
                    A         B        C        D         E        F      G
               +---------+---------+-------+---------+---------+-------+---------
         Total |       0 |  374647 |   0.0 |       0 |    1107 |   0.0 | 46152
               +---------+---------+-------+---------+---------+-------+---------
           D:1 |       0 |      53 |   0.0 |       0 |      33 |   0.0 |  1165
           D:2 |       0 |     145 |   0.0 |       0 |      30 |   0.0 |  1403
           D:3 |       0 |     585 |   0.0 |       0 |      50 |   0.0 |  1504
           D:4 |       0 |     659 |   0.0 |       0 |      24 |   0.0 |   766
           D:5 |       0 |    1931 |   0.0 |       0 |      24 |   0.0 |  1257
           D:6 |       0 |     810 |   0.0 |       0 |      27 |   0.0 |  1240
           D:7 |       0 |    2264 |   0.0 |       0 |      30 |   0.0 |  1823
           D:8 |       0 |   10539 |   0.0 |       0 |      48 |   0.0 |  2794
           D:9 |       0 |    1589 |   0.0 |       0 |      19 |   0.0 |   910
          D:10 |       0 |    6104 |   0.0 |       0 |      37 |   0.0 |  1847
          D:11 |       0 |   10028 |   0.0 |       0 |      49 |   0.0 |  2779
          D:12 |       0 |    5375 |   0.0 |       0 |      38 |   0.0 |  1239
          D:13 |       0 |   11448 |   0.0 |       0 |      38 |   0.0 |  1139
          D:14 |       0 |   10965 |   0.0 |       0 |      33 |   0.0 |   962
          D:15 |       0 |   11362 |   0.0 |       0 |      33 |   0.0 |  1104
        Lair:1 |       0 |    6471 |   0.0 |       0 |      22 |   0.0 |  1583
        Lair:2 |       0 |    6323 |   0.0 |       0 |      26 |   0.0 |  1553
        Lair:3 |       0 |    6107 |   0.0 |       0 |      30 |   0.0 |  1751
        Lair:4 |       0 |    7504 |   0.0 |       0 |      34 |   0.0 |  1781
        Lair:5 |       0 |   12213 |   0.0 |       0 |      31 |   0.0 |  1458
        Lair:6 |       0 |   21104 |   0.0 |       0 |      69 |   0.0 |  2865
       Slime:1 |       0 |   10804 |   0.0 |       0 |      25 |   0.0 |  1656
       Slime:2 |       0 |   23261 |   0.0 |       0 |      31 |   0.0 |   598
       Slime:3 |       0 |    1977 |   0.0 |       0 |       4 |   0.0 |   148
       Slime:4 |       0 |    7627 |   0.0 |       0 |      19 |   0.0 |   440
       Slime:5 |       0 |   21525 |   0.0 |       0 |      22 |   0.0 |   271
         Orc:1 |       0 |    5812 |   0.0 |       0 |      43 |   0.0 |  1320
         Orc:2 |       0 |   12701 |   0.0 |       0 |      55 |   0.0 |  2287
         Elf:1 |       0 |   39176 |   0.0 |       0 |      44 |   0.0 |  1626
         Elf:2 |       0 |   39990 |   0.0 |       0 |      57 |   0.0 |  1660
         Elf:3 |       0 |   78195 |   0.0 |       0 |      82 |   0.0 |  2940
               +---------+---------+-------+---------+---------+-------+---------
